 Dungeon Crawl Stone Soup version 0.22.0-38-g04b72b8 (webtiles) character file.

69 Lavandula the Chopper (level 4, 0/38 HPs)
             Began as a Centaur Berserker on Aug 30, 2018.
             Was a Believer of Trog.
             Killed from afar by an orc wizard (8 damage)
             ... with a puff of flame
             ... on level 2 of the Dungeon.
             The game lasted 00:04:24 (758 turns).

Lavandula the Chopper (Centaur Berserker)            Turns: 758, Time: 00:04:25

Health: 0/38       AC:  4    Str: 21    XL:     4   Next: 2%
Magic:  4/4        EV:  9    Int:  6    God:    Trog [**....]
Gold:   13         SH:  0    Dex:  8    Spells: 3/3 levels left

rFire    . . .     SeeInvis .   a - +0 hand axe
rCold    + . .     Gourm    .   (no shield)
rNeg     . . .     Faith    .   b - +0 animal skin
rPois    .         Spirit   .   (no helmet)
rElec    .         Reflect  .   (no cloak)
rCorr    .         Harm     .   (no gloves)
MR       +....                  (no barding)
Stlth    +.........             (no amulet)
HPRegen  0.12/turn              j - ring of protection from cold
MPRegen  0.09/turn              m - ring of protection from magic

@: berserk cooldown, slowed
A: large, hooves 3, deformed body, speed 2, tough skin 3
a: Berserk, Trog's Hand, Renounce Religion


You were on level 2 of the Dungeon.
You worshipped Trog.
Trog was pleased with you.
You were not hungry.

You visited 1 branch of the dungeon, and saw 2 of its levels.

You collected 13 gold pieces.

Inventory:

Hand Weapons
 a - a +0 hand axe (weapon)
Missiles
 e - 13 tomahawks (quivered)
Armour
 b - a +0 animal skin (worn)
Jewellery
 j - a ring of protection from cold (left hand)
 m - a ring of protection from magic (right hand)
Scrolls
 d - a scroll of remove curse {unknown}
 f - 3 scrolls of identify {unknown}
 k - 2 scrolls of teleportation {unknown}
Potions
 h - a potion of brilliance {unknown}
 i - a potion of degeneration {unknown}
 n - a potion of invisibility {unknown}
Comestibles
 c - 5 rations
 l - 3 chunks of flesh


   Skills:
 - Level 3.0 Fighting
 + Level 4.5 Axes
 - Level 1.3 Armour
 - Level 1.3 Dodging


You had 3 spell levels left.
You didn't know any spells.
Your spell library was empty.

Dungeon Overview and Level Annotations

Branches:
Dungeon (2/15)

Altars:
Qazlal


Innate Abilities, Weirdness & Mutations

You have hooves in place of feet.
Armour fits poorly on your strangely shaped body.
You cover ground very quickly.
You have extremely tough skin. (AC +3)


Message History

The ooze hits you but does no damage.
It was a potion of heal wounds.
You feel much better.
The orc wizard hits you but does no damage.
The orc wizard points at you and mumbles some strange words.
The puff of flame hits you! The orc closely misses you.
The ooze hits you but does no damage.
Unknown command.
You hit the orc wizard. You kick the orc wizard.
The orc wizard is almost dead.
You closely miss the orc. You hit the ooze.
You kill the ooze!
Trog accepts your kill.
You have reached level 4!
You feel stronger. The orc wizard closely misses you.
The orc wizard hits you with a dagger. The orc hits you with a flail.
* * * LOW HITPOINT WARNING * * *
The orc wizard gestures at you while chanting.
The puff of flame hits you!
You die...

.# ### . .## #..
#.###.. . #.#####.##.#
# ###.###..o.......# #
#...........####)# #
...###.###..#...# #
#o#..)......# #
##@#...#....#######
...##.o.)#.#........<.
........#._.#.....####
......#[)#.#..o##.# #
#.###.#...#....##.# #
# #.#........##.# #
#.###.###..##.# #
....... #>.##.# #
...#.#..##.# #


You could see an orc wizard and an orc.

Vanquished Creatures
  An adder (D:2)
  An ooze (D:2)
  A dart slug (D:2)
  2 leopard geckos (D:1)
  4 orcs (D:2)
  3 giant cockroaches (D:1)
  7 goblins
  7 hobgoblins (D:1)
  5 kobolds
  A quokka (D:2)
  4 bats
  2 frilled lizards (D:1)
  5 rats
43 creatures vanquished.

Notes
Turn   | Place    | Note
-------+----------+-------------------------------------------
     0 | D:1      | Lavandula the Centaur Berserker began the quest for the Orb.
     0 | D:1      | Reached XP level 1. HP: 19/19 MP: 1/1
    95 | D:1      | Reached skill level 3 in Axes
   111 | D:1      | Reached XP level 2. HP: 23/26 MP: 2/2
   427 | D:1      | Reached ** piety under Trog
   427 | D:1      | Reached XP level 3. HP: 5/31 MP: 3/3
   511 | D:2      | Reached skill level 4 in Axes
   571 | D:2      | Found a stormy altar of Qazlal.
   711 | D:2      | Found a faded altar of an unknown god.
   758 | D:2      | Reached XP level 4. HP: 18/38 MP: 4/4
   758 | D:2      | Killed from afar by an orc wizard

Skill      XL: |  1  2  3 |
---------------+----------+-----
Axes           | 3 4 |  4.5
Fighting       | |  3.0
Armour         | |  1.3
Dodging        | |  1.3

Action                   |  1- 3 |  4- 6 || total
-------------------------+-------+-------++-------
Melee: Hand axe          |   110 |       ||   110
       Kick              |    16 |       ||    16
Invok: Berserk           |     4 |       ||     4
       Trog's Hand       |     2 |       ||     2
  Use: Potion            |     1 |       ||     1
  Eat: Chunk             |     3 |       ||     3
Armor: Animal skin       |    40 |       ||    40
Dodge: Dodged            |    55 |     1 ||    56
